 Dungeon Crawl Stone Soup version 0.31-a0-703-gcfe89afef6 (webtiles) character file.

Game seed: 13919880574824201803

623 qw the Shooter (level 7, 0/44 HPs)
             Began as a Gargoyle Hunter on Sept 8, 2023.
             Was an Initiate of Okawaru.
             Slain by an ogre
             ... wielding a +0 giant club
              (18 damage)
             ... on level 5 of the Dungeon.
             The game lasted 00:01:40 (3163 turns).

qw the Shooter (Gargoyle Hunter)                    Turns: 3163, Time: 00:01:41

Health: 0/44       AC: 12    Str: 14    XL:     7   Next: 47%
Magic:  7/7        EV: 11    Int: 10    God:    Okawaru [......]
Gold:   192        SH:  0    Dex: 15    Spells: 6/6 levels left

rFire   . . .        Y - +0 shortbow
rCold   . . .        (shield currently unavailable)
rNeg    + . .        j - +0 ring mail
rPois   inf          k - +0 helmet
rElec   +            (no cloak)
rCorr   .            e - +0 pair of gloves
SInv    .            (no boots)
Will    .....        (no amulet)
Stlth   +            (no ring)
HPRegen 0.27/turn    (no ring)
MPRegen 0.10/turn

%: no passive effects
@: no status effects
A: sickness immunity, AC +4, negative energy resistance 1, electricity
resistance, torment resistance 1, petrification resistance
a: Renounce Religion


You were on level 5 of the Dungeon.
You worshipped Okawaru.
Okawaru was noncommittal.
You visited 2 branches of the dungeon, and saw 6 of its levels.

You collected 192 gold pieces.


Innate Abilities, Weirdness & Mutations

You are immune to sickness and miasma.
Your stone body is resilient. (AC +4)
You are immune to poison.
You resist negative energy. (rN+)
You are resistant to electric shocks. (rElec)
You are resistant to unholy torment.
You are immune to petrification.


   Skills:
 - Level 5.6 Fighting
 + Level 7.1 Ranged Weapons
 - Level 2.0 Armour
 - Level 1.5 Dodging
 - Level 1.1 Stealth


You had 6 spell levels left.
You didn't know any spells.
Your spell library was empty.

Inventory:

Hand Weapons
 Y - a +0 shortbow (weapon)
Armour
 e - a +0 pair of gloves (worn)
 j - a +0 ring mail (worn)
 k - a +0 helmet (worn)
Scrolls
 b - a scroll of identify
 c - a scroll of teleportation
Potions
 d - a potion of heal wounds {unknown}
 g - a potion of curing {unknown}
 h - a potion of invisibility {unknown}
 i - a potion of cancellation {unknown}

Dungeon Overview and Level Annotations

Branches:
Dungeon (5/15)             Temple (1/1) D:4

Altars:
Ashenzari
Cheibriados
Elyvilon
Kikubaaqudgha
Makhleb
Nemelex Xobeh
Okawaru
Qazlal
Trog
Uskayaw
Vehumet
Wu Jian
Xom
Zin
The Shining One

Shops:
D:5 *


Message History

Okawaru accepts your kill.
You start resting.
An ogre comes into view. It is wielding a +0 giant club.
3141 ||| FLEEEEING.
3142 ||| STILL FLEEEEING.
The ogre shouts!
3143 ||| FLEEEEING.
3144 ||| FLEEEEING.
3145 ||| FLEEEEING.
3146 ||| FLEEEEING.
3147 ||| FLEEEEING.
3148 ||| FLEEEEING.
3149 ||| FLEEEEING.
3150 ||| FLEEEEING.
3151 ||| FLEEEEING.
3152 ||| STILL FLEEEEING.
3153 ||| FLEEEEING.
3154 ||| FLEEEEING.
You shoot an arrow. The arrow completely misses the ogre.
You shoot an arrow. The arrow hits the ogre.
The ogre is lightly wounded.
You shoot an arrow. The arrow hits the ogre.
The ogre is moderately wounded.
The ogre barely misses you.
You shoot an arrow. The arrow hits the ogre!
The ogre is heavily wounded.
You shoot an arrow. The arrow hits the ogre.
The ogre is severely wounded.
The ogre hits you with a +0 giant club!!
Ouch! That really hurt!
You shoot an arrow. The arrow barely misses the ogre.
The ogre hits you but does no damage.
You shoot an arrow. The arrow barely misses the ogre.
The ogre misses you.
You shoot an arrow. The arrow barely misses the ogre.
The ogre hits you but does no damage.
You shoot an arrow. The arrow hits the ogre.
The ogre is almost dead.
The ogre hits you with a +0 giant club!!
You die...

#....# ###....#
###########.(....#
#...>....#..##...#
#..........####### #
#### #........### .# #.
#..# #........# ..##.#
##..# #........#
.....###...####.@......#
.......#.#..)..O......##
.##..#.#.###.........)##
.#.......+ #........%..#
...#.#...###........<..#
#.......O..............#
#.#....#...............#
#.#....................#
.....#................##


You could see an ogre.

Vanquished Creatures
  Grinder (D:4)
  A scorpion (D:4)
  A hound (D:4)
  A sleepcap (D:3)
  An iguana (D:5)
  Natasha (twice) (D:4)
  7 gnolls
  4 adders
  An ufetubus (D:3)
  5 worms
  6 orcs
  9 ball pythons
  10 endoplasms
  4 giant cockroaches
  6 goblins
  9 hobgoblins
  4 jackals (D:4)
  8 kobolds
  7 quokkas
  4 bats
  A frilled lizard (D:3)
  3 rats
95 creatures vanquished.

Notes
Turn   | Place    | Note
-------+----------+-------------------------------------------
     0 | D:1      | qw the Gargoyle Hunter began the quest for the Orb.
     0 | D:1      | Reached XP level 1. HP: 12/12 MP: 1/1
     0 | D:1      | 0 ||| qw: Version: 0.3-a-76-g4403597
     0 | D:1      | 0 ||| qw: Game counter: 1280
     0 | D:1      | 0 ||| qw: Melee chars always use a shield: true
     0 | D:1      | 0 ||| qw: God list: Okawaru
     0 | D:1      | 0 ||| qw: Allow faded altars: false
     0 | D:1      | 0 ||| qw: Do Orc after clearing Dungeon:15 true
     0 | D:1      | 0 ||| qw: Do second Lair branch before Depths: true
     0 | D:1      | 0 ||| qw: Lair rune preference: random
     0 | D:1      | 0 ||| qw: Goals: Normal
     0 | D:1      | 0 ||| PLANNING D:1-11
    99 | D:1      | Reached XP level 2. HP: 17/17 MP: 2/2
   283 | D:1      | Reached XP level 3. HP: 21/21 MP: 3/3
   331 | D:1      | Reached skill level 5 in Ranged Weapons
   512 | D:1      | 512 ||| DROPPING ring of wizardry.
   513 | D:1      | 513 ||| READING scroll labelled ILOUGR PATZE.
   514 | D:1      | 514 ||| READING scroll labelled YCIACR YSAEN.
   517 | D:1      | 517 ||| READING scroll labelled KEOSMOL PAXEUR.
   518 | D:1      | 518 ||| READING scroll labelled IKLIAS TEUTS.
   519 | D:1      | 519 ||| DROPPING scroll of butterflies.
   699 | D:2      | Reached skill level 3 in Fighting
   776 | D:2      | Found a sparkling altar of Nemelex Xobeh.
   878 | D:2      | Reached XP level 4. HP: 28/28 MP: 4/4
  1068 | D:2      | 1068 ||| UPGRADING to +0 pair of gloves.
  1073 | D:2      | 1073 ||| READING scroll labelled ETOMAVA ELANA.
  1074 | D:2      | 1074 ||| DRINKING 2 fuming sapphire potions.
  1075 | D:2      | 1075 ||| DRINKING 2 amethyst potions.
  1096 | D:2      | 1096 ||| DROPPING potion of magic.
  1097 | D:2      | 1097 ||| DROPPING potion of lignification.
  1367 | D:3      | Found a radiant altar of Vehumet.
  1387 | D:3      | Found a white marble altar of Elyvilon.
  1733 | D:3      | Found a hide-covered altar of Uskayaw.
  1999 | D:3      | 1999 ||| UPGRADING to +0 ring mail.
  2009 | D:3      | 2009 ||| DROPPING +0 leather armour.
  2010 | D:3      | 2010 ||| UPGRADING to +0 helmet.
  2015 | D:3      | 2015 ||| DROPPING +6 ring of intelligence.
  2016 | D:3      | 2016 ||| READING scroll labelled HASTAOMIFE.
  2064 | D:4      | 2064 ||| STAIRDANCE
  2068 | D:3      | Reached skill level 1 in Armour
  2070 | D:4      | 2070 ||| STAIRDANCE
  2078 | D:4      | 2078 ||| STAIRDANCE
  2092 | D:3      | Reached XP level 5. HP: 32/32 MP: 5/5
  2096 | D:4      | 2096 ||| STAIRDANCE
  2103 | D:3      | HP: 8/32 [orc/+0 short sword (3)]
  2221 | D:4      | Reached skill level 6 in Ranged Weapons
  2317 | D:4      | Noticed Grinder
  2332 | D:4      | Paralysed by Grinder for 2 turns
  2340 | D:4      | Killed Grinder
  2341 | D:4      | Reached XP level 6. HP: 35/40 MP: 6/6
  2433 | D:4      | Found a staircase to the Ecumenical Temple.
  2434 | D:4      | 2434 ||| PLANNING TEMPLE
  2434 | D:4      | 2434 ||| READING 2 scrolls of identify.
  2434 | D:4      | 2434 ||| IDENTIFYING yellow potion
  2435 | D:4      | 2435 ||| DROPPING potion of brilliance.
  2443 | Temple   | Entered the Ecumenical Temple
  2444 | Temple   | 2444 ||| PLANNING OKAWARU WORSHIP
  2454 | Temple   | Became a worshipper of Warmaster Okawaru
  2455 | Temple   | 2455 ||| PLANNING D:1-11
  2513 | D:4      | Noticed Natasha
  2523 | D:4      | Killed Natasha
  2705 | D:4      | Reached XP level 7. HP: 44/44 MP: 7/7
  2874 | D:5      | Entered Level 5 of the Dungeon
  2878 | D:5      | 2878 ||| STAIRDANCE
  2884 | D:4      | Noticed Natasha
  2885 | D:4      | 2885 ||| Stepping ~*~*~tactically~*~*~ (retreating).
  2886 | D:4      | 2886 ||| Stepping ~*~*~tactically~*~*~ (retreating).
  2888 | D:4      | 2888 ||| Stepping ~*~*~tactically~*~*~ (retreating).
  2889 | D:4      | 2889 ||| Stepping ~*~*~tactically~*~*~ (retreating).
  2890 | D:4      | 2890 ||| Stepping ~*~*~tactically~*~*~ (retreating).
  2891 | D:4      | 2891 ||| Stepping ~*~*~tactically~*~*~ (retreating).
  2892 | D:4      | 2892 ||| Stepping ~*~*~tactically~*~*~ (retreating).
  2893 | D:4      | 2893 ||| Stepping ~*~*~tactically~*~*~ (retreating).
  2894 | D:4      | 2894 ||| Stepping ~*~*~tactically~*~*~ (retreating).
  2895 | D:4      | 2895 ||| Stepping ~*~*~tactically~*~*~ (retreating).
  2897 | D:4      | 2897 ||| Stepping ~*~*~tactically~*~*~ (retreating).
  2898 | D:4      | 2898 ||| Stepping ~*~*~tactically~*~*~ (retreating).
  2899 | D:4      | 2899 ||| Stepping ~*~*~tactically~*~*~ (retreating).
  2900 | D:4      | 2900 ||| Stepping ~*~*~tactically~*~*~ (retreating).
  2901 | D:4      | 2901 ||| Stepping ~*~*~tactically~*~*~ (retreating).
  2921 | D:4      | Killed Natasha
  2922 | D:4      | Reached skill level 7 in Ranged Weapons
  3019 | D:5      | 3019 ||| STAIRDANCE
  3109 | D:5      | Found Kefryiru's Assorted Antiques.
  3124 | D:5      | 3124 ||| Stepping ~*~*~tactically~*~*~ (outnumbered).
  3141 | D:5      | 3141 ||| FLEEEEING.
  3143 | D:5      | 3143 ||| FLEEEEING.
  3144 | D:5      | 3144 ||| FLEEEEING.
  3145 | D:5      | 3145 ||| FLEEEEING.
  3146 | D:5      | 3146 ||| FLEEEEING.
  3147 | D:5      | 3147 ||| FLEEEEING.
  3148 | D:5      | 3148 ||| FLEEEEING.
  3149 | D:5      | 3149 ||| FLEEEEING.
  3150 | D:5      | 3150 ||| FLEEEEING.
  3151 | D:5      | 3151 ||| FLEEEEING.
  3153 | D:5      | 3153 ||| FLEEEEING.
  3154 | D:5      | 3154 ||| FLEEEEING.
  3163 | D:5      | Slain by an ogre

Levels and vault maps discovered:
D:1:      tekkud_arrival_beachfront_property, layout_rooms, corner_web_ring
D:2:      layout_rooms, basic_altar
D:3:      layout_loops_corners, mainiacjoe_overflow_catwalk_spiral,
          lemuel_doored_altar, minmay_misc_feat_tower,
          nicolae_figureground_pulse
D:4:      layout_rooms, minmay_temple_entry_statues_pillars, uniq_grinder,
          uniq_natasha
D:5:      layout_rooms, kennysheep_mini, serial_shops, nicolae_shop_stone, shop,
          nicolae_shop_pleasant_corner_grove,
          nicolae_shop_temple_entry_statues_fountains, shop, minivault_4
Temple:   hellmonk_temple_forest_ring

Skill      XL: |  1  2  3  4  5  6  7 |
---------------+----------------------+-----
Ranged Weapons | 5 6 7 |  7.1
Fighting       | 3 5 |  5.6
Armour         | 1 2 |  2.0
Dodging        | |  1.5
Stealth        | |  1.1

Action                     |  1- 3 |  4- 6 |  7- 9 || total
---------------------------+-------+-------+-------++-------
   Fire: Shortbow          |   107 |   227 |    82 ||   416
    Use: Scroll            |     4 |     3 |       ||     7
         Potion            |       |     2 |       ||     2
 Armour: Leather armour    |    17 |    10 |       ||    27
         Ring mail         |       |   101 |    63 ||   164
  Dodge: Dodged            |    19 |    93 |    52 ||   164

Table legend:
 A = Non-vault XP
 B = Vault XP
 C = Vault XP percentage of total XP
 D = Non-vault monster count
 E = Vault monster count
 F = Vault count percentage of total count
                 A         B        C        D         E       F
            +---------+---------+-------+---------+---------+-------
      Total |     560 |     331 |  37.1 |      93 |       2 |   2.1
            +---------+---------+-------+---------+---------+-------
        D:1 |      40 |       0 |   0.0 |      24 |       0 |   0.0
        D:2 |      62 |       0 |   0.0 |      18 |       0 |   0.0
        D:3 |      98 |       0 |   0.0 |      18 |       0 |   0.0
        D:4 |     278 |     331 |  54.4 |      28 |       2 |   6.7
        D:5 |      82 |       0 |   0.0 |       5 |       0 |   0.0
            +---------+---------+-------+---------+---------+-------
